AoeStats
← J.Try88

Black Forest

510592451Analyzed
3v3 RM · 18h ago on Oct 1, 2026· 60m 28s· 6 players
Game mode
Random Map
Map size
Normal (6 player)
Population
200
Speed
Normal
Resources
Standard
Victory
Conquest
Starting age
Dark Age
Ending age
Imperial Age
RankedLock teamsTeams togetherTeam positionsShared explorationLock speedFull tech treeHidden civsTurbo modeCheats
Victory
Defeat
🇺🇸 Persians · United States
719
+17
🇸🇦 Turks · Saudi Arabia
717
+17
🇺🇸 Teutons · United States
683
+18
🇵🇱 Bohemians · Poland
751
-18
🇳🇱 Hindustanis · Netherlands
736
-17
🇵🇱 Japanese · Poland
723
-17
Rey20211532
0:48 Loom
14:33 Feudal Age
16:25 Wheelbarrow
15:45 Double-Bit Axe
15:44 Horse Collar
17:15 Town Watch
19:46 Stone Mining
19:49 Gold Mining
25:45 Castle Age
25:47 Arson
26:32 Hand Cart
27:03 Caravan
31:41 Bow Saw
31:41 Heavy Plow
34:41 Imperial Age
33:15 Kamandaran
34:56 Forging
34:56 Scale Barding Armor
37:35 Stone Shaft Mining
37:21 Citadels
38:21 Conscription
40:07 Gold Shaft Mining
40:49 Iron Casting
40:35 Chain Barding Armor
40:06 Fletching
40:17 Padded Archer Armor
41:34 Two-Man Saw
41:06 Crop Rotation
41:54 Elite War Elephant
43:41 Blast Furnace
43:17 Plate Barding Armor
42:39 Bodkin Arrow
43:01 Leather Archer Armor
42:51 Scale Mail Armor
43:02 Thumb Ring
44:55 Ballistics
45:35 Chemistry
45:49 Ring Archer Armor
45:34 Chain Mail Armor
47:35 Town Patrol
50:01 Parthian Tactics
50:52 Plate Mail Armor
59:08 Heavy Cavalry Archer
T_Curator
0:39 Loom
17:21 Feudal Age
BOSS881408
0:28 Loom
11:54 Feudal Age
13:48 Horse Collar
14:26 Double-Bit Axe
15:56 Gold Mining
21:31 Bloodlines
23:38 Forging
25:10 Scale Barding Armor
25:06 Padded Archer Armor
24:56 Fletching
28:34 Castle Age
29:19 Bodkin Arrow
29:39 Leather Archer Armor
30:27 Leather Archer Armor
31:20 Fortified Wall
30:53 Treadmill Crane
31:34 Ballistics
31:06 Guard Tower
34:21 Gold Shaft Mining
35:27 Iron Casting
36:59 Bow Saw
43:45 Imperial Age
45:42 Artillery
46:08 Conscription
46:58 Bracer
47:18 Elite Janissary
48:59 Ring Archer Armor
58:59 Caravan
Adiko95
0:35 Loom
13:58 Feudal Age
14:06 Man-at-Arms
15:37 Double-Bit Axe
18:26 Wheelbarrow
20:05 Town Watch
21:07 Arson
29:58 Castle Age
29:43 Horse Collar
31:37 Bow Saw
30:57 Light Cavalry
31:38 Husbandry
33:06 Scale Mail Armor
33:07 Padded Archer Armor
33:47 Fortified Wall
34:06 Fletching
34:55 Murder Holes
35:04 Crossbowman
37:59 Heavy Plow
37:56 Guard Tower
37:29 Pikeman
38:12 Squires
39:32 Bodkin Arrow
39:43 Scale Barding Armor
40:56 Hand Cart
42:04 Long Swordsman
42:07 Elite Skirmisher
43:03 Leather Archer Armor
44:18 Chain Mail Armor
46:42 Masonry
54:01 Imperial Age
55:00 Onager
56:34 Arbalester
56:41 Cavalier
58:14 Onager
J.Try88
6:58 Loom
11:22 Feudal Age
12:03 Double-Bit Axe
17:00 Castle Age
20:53 Wheelbarrow
20:06 Horse Collar
20:39 Bow Saw
24:20 Bloodlines
24:11 Husbandry
27:03 Hand Cart
30:25 Town Watch
34:39 Caravan
37:46 Imperial Age
34:41 Light Cavalry
35:55 Gold Mining
37:16 Scale Barding Armor
37:22 Forging
37:03 Fletching
37:14 Padded Archer Armor
37:25 Grand Trunk Road
38:33 Fletching
39:04 Chain Barding Armor
39:17 Conscription
40:40 Heavy Camel Rider
41:28 Shatagni
43:28 Plate Barding Armor
43:28 Iron Casting
42:45 Fletching
43:13 Leather Archer Armor
43:19 Siege Elephant
43:29 Onager
46:31 Chemistry
45:52 Ballistics
45:38 Siege Engineers
45:46 Masonry
45:51 Fortified Wall
47:01 Blast Furnace
45:27 Imperial Camel Rider
48:05 Gold Shaft Mining
47:20 Stone Mining
51:06 Fletching
51:50 Hussar
Donald Kieł
2:45 Loom
19:25 Feudal Age
20:46 Double-Bit Axe
21:43 Man-at-Arms
25:23 Forging
26:33 Horse Collar
27:38 Gold Mining
30:23 Wheelbarrow
35:06 Castle Age
34:41 Fletching
36:01 Gambesons
35:38 Long Swordsman
36:21 Squires
36:09 Arson
37:48 Gold Shaft Mining
37:38 Heavy Plow
37:27 Crossbowman
39:45 Bow Saw
39:40 Stone Mining
42:54 Thumb Ring
47:53 Imperial Age
45:40 Hand Cart
48:53 Bodkin Arrow
48:25 Arbalester
50:19 Bracer
50:21 Padded Archer Armor
50:57 Iron Casting
50:23 Scale Mail Armor
51:57 Ballistics
51:49 Fortified Wall
53:57 Two-Man Saw
53:03 Pikeman
53:34 Elite Skirmisher
56:51 Blast Furnace
56:08 Chain Mail Armor
57:48 Conscription
56:51 Elite Samurai
60:20 Plate Mail Armor
60:08 Leather Archer Armor
Connection lost

Rejoining the realm…

Still unreachable

The connection could not be restored.

Session expired

The server has moved on; the page needs a fresh start.